 Dungeon Crawl Stone Soup version 0.31-a0-542-gdc2a67831c (webtiles) character file.

Game seed: 14040233922038679231

104 Crownlay the Digger (level 4, -4/27 HPs)
             Began as an Octopode Earth Elementalist on Aug 14, 2023.
             Slain by Pargi (7 damage)
             ... on level 3 of the Dungeon.
             The game lasted 00:03:47 (2341 turns).

Crownlay the Digger (Octopode Earth Elementalist)   Turns: 2341, Time: 00:03:47

Health: -4/27      AC:  1    Str:  7    XL:     4   Next: 80%
Magic:  1/9        EV: 13    Int: 19    God:
Gold:   86         SH:  0    Dex: 12    Spells: 2/10 levels left

rFire   . . .        m - +2 mace
rCold   . . .        (no shield)
rNeg    . . .        (helmet restricted)
rPois   .            (no amulet)
rElec   .            (no ring)
rCorr   .            (no ring)
SInv    .            (no ring)
Will    .....        (no ring)
Stlth   +++          (no ring)
HPRegen 0.24/turn    (no ring)
MPRegen 0.11/turn    (no ring)
                     (no ring)

%: no passive effects
@: no status effects
A: almost no armour, amphibious, 8 rings, camouflage 1, gelatinous body 1,
(nimble swimmer 1), tentacles
a: no special abilities


You were on level 3 of the Dungeon.
You visited 1 branch of the dungeon, and saw 3 of its levels.

You collected 86 gold pieces.

Inventory:

Hand Weapons
 m - a +2 mace (weapon)
Scrolls
 c - 2 scrolls of immolation
 e - a scroll of vulnerability {unknown}
 f - a scroll of poison {unknown}
 h - a scroll of summoning {unknown}
 j - a scroll of teleportation {unknown}
 k - a scroll of silence {unknown}
 n - 2 scrolls of noise {unknown}
 p - a scroll of identify {unknown}
Potions
 a - a potion of magic
 b - a potion of brilliance {unknown}
 d - a potion of resistance {unknown}
 g - 2 potions of curing
 i - a potion of ambrosia {unknown}
 l - a potion of lignification {unknown}
 o - a potion of might {unknown}


   Skills:
 - Level 2.0 Dodging
 - Level 2.6 Stealth
 * Level 3.7 Spellcasting
 + Level 0.9 Conjurations
 - Level 1.0 Transmutations
 + Level 3.8 Earth Magic


You had 2 spell levels left.
You knew the following spells:

 Your Spells              Type           Power      Damage    Failure   Level
a - Sandblast             Erth           36%        2d10      3%          1
b - Stone Arrow           Conj/Erth      24%        3d8       16%         3
c - Petrify               Tmut/Erth      12%        N/A       45%         4

Your spell library contained the following spells:

 Spells                   Type           Power      Damage    Failure   Level
 Passwall                 Tmut/Erth      10%        N/A       8%          2
 Shock                    Conj/Air       20%        1d4       12%         1
 Freezing Cloud           Conj/Ice/Air   2%         6-21      98%         5
 Summon Forest            Summ/Tloc      1%         N/A       98%         5
 Chain Lightning          Conj/Air       2%         3d3       100%        9


Dungeon Overview and Level Annotations

Branches:
Dungeon (3/15)

Altars:
Sif Muna
Trog

Annotations:
D:3 Pargi


Innate Abilities, Weirdness & Mutations

You cannot wear most types of armour.
You are amphibious.
You can wear up to eight rings at the same time.
Your skin changes colour to match your surroundings (Stealth+).
Your rubbery body absorbs attacks. (AC +1, EV +1)
((You are camouflaged when in or above water. (Stealth+)))
You have tentacles for arms and can constrict up to eight enemies at once.


Message History

Pargi misses you. Pargi closely misses you. Pargi claws you but does no damage.
Casting: Sandblast (safe; 3% risk of failure)
Confirm with . or Enter, or press ? or * to list all spells.
Aiming: Stone Arrow (quite dangerous; 16% risk of failure)
Press: ? - help, Shift-Dir - straight line, f/p - Pargi
Aim: Pargi (moderately wounded, 60% to hit)
The stone arrow misses Pargi.
Pargi bites you. Pargi claws you. Pargi barely misses you.
Casting: Stone Arrow (quite dangerous; 16% risk of failure)
Confirm with . or Enter, or press ? or * to list all spells.
Aiming: Stone Arrow (quite dangerous; 16% risk of failure)
Press: ? - help, Shift-Dir - straight line, f/p - Pargi
Aim: Pargi (moderately wounded, 60% to hit)
The stone arrow hits Pargi!
Pargi is heavily wounded.
Pargi bites you. Pargi closely misses you. Pargi barely misses you.
You closely miss Pargi. Your squeeze misses Pargi.
Pargi is heavily wounded.
Pargi bites you. Pargi barely misses you. Pargi closely misses you.
You thump Pargi! Your squeeze misses Pargi.
Pargi is severely wounded.
Pargi closely misses you. x2; Pargi barely misses you. x3; Pargi claws you.
You closely miss Pargi.
Pargi is severely wounded.
Pargi bites you.
* * * LOW HITPOINT WARNING * * *
Pargi closely misses you. x2
You hit Pargi but do no damage. Your squeeze misses Pargi.
Pargi is severely wounded.
Pargi closely misses you. Pargi misses you. Pargi claws you.
* * * LOW HITPOINT WARNING * * *
Casting: Stone Arrow (quite dangerous; 16% risk of failure)
Confirm with . or Enter, or press ? or * to list all spells.
You don't have enough magic to cast this spell.
Unknown command.
Okay, then.
You hit Pargi.
Pargi is severely wounded.
Pargi bites you!
You die...

..##.#
#...
#.#
#...
#.#
#.#
#.#
#.#
#.#
#.#
#@#
#T#
#.#
#.#
#..
...
###


You could see Pargi.

Vanquished Creatures
  A gnoll (D:3)
  2 adders (D:3)
  A white imp (D:3)
  An ufetubus (D:3)
  2 dart slugs
  An orc (D:2)
  5 bats
  4 endoplasms
  A giant cockroach (D:1)
  6 goblins
  4 hobgoblins
  3 kobolds
  4 quokkas
  12 ball pythons
  6 frilled lizards
  4 rats
57 creatures vanquished.

Notes
Turn   | Place    | Note
-------+----------+-------------------------------------------
     0 | D:1      | Crownlay the Octopode Earth Elementalist began the quest
                  | for the Orb.
     0 | D:1      | Reached XP level 1. HP: 11/11 MP: 3/3
   146 | D:1      | Reached XP level 2. HP: 17/17 MP: 0/5
  1046 | D:2      | Reached XP level 3. HP: 21/21 MP: 5/7
  1432 | D:2      | Got the Quarto of the Airy Singularity
  1437 | D:2      | Learned a level 3 spell: Stone Arrow
  1732 | D:3      | Reached XP level 4. HP: 27/27 MP: 6/9
  1872 | D:3      | Found a bloodstained altar of Trog.
  1961 | D:3      | Found a shimmering blue altar of Sif Muna.
  1965 | D:3      | Got Sif Muna's Annotations on Concussion
  2270 | D:3      | Noticed Pargi
  2281 | D:3      | Learned a level 4 spell: Petrify
  2341 | D:3      | Slain by Pargi

Illustrated notes

Levels and vault maps discovered:
D:1:      minmay_arrival_diagonal_passages, layout_basic
D:2:      layout_basic
D:3:      layout_basic, nzn_overflow_gifts_of_might_and_magic, uniq_pargi

Skill      XL: |  1  2  3 |
---------------+----------+-----
Spellcasting   | 3 |  3.7
Dodging        | |  2.0
Stealth        | |  2.6
Conjurations   | |  0.9
Transmutations | |  1.0
Earth Magic    | |  3.8

Action                     |  1- 3 |  4- 6 || total
---------------------------+-------+-------++-------
  Melee: Unarmed           |     7 |     1 ||     8
         Constrict         |     3 |     1 ||     4
         Mace              |       |    13 ||    13
         Tentacles         |       |     4 ||     4
         Punch             |       |     2 ||     2
   Cast: Sandblast         |    59 |    20 ||    79
         Stone Arrow       |       |     2 ||     2
         Petrify           |       |     1 ||     1
    Use: Scroll            |     1 |       ||     1
         Potion            |     1 |       ||     1
   Stab: Sleeping          |     1 |       ||     1
         Petrified         |       |     7 ||     7
 Armour: Skin              |     1 |     3 ||     4
  Dodge: Dodged            |    19 |    24 ||    43

Table legend: (Time is in decaauts)
 A = Elapsed time spent in this place.
 B = Non-inter-level travel time spent in this place.
 C = Inter-level travel time spent in this place.
 D = Time resting spent in this place.
 E = Time spent auto-exploring this place.
 F = Levels seen in this place.
 G = Mean time per level.
                   A        B        C        D        E       F      G
               +--------+--------+--------+--------+--------+-----+--------+
         Total |   2384 |   2351 |     33 |     33 |   1983 |   3 |  794.7 |
       Dungeon |   2384 |   2351 |     33 |     33 |   1983 |   3 |  794.7 |
               +--------+--------+--------+--------+--------+-----+--------+

Top non-repeatable levels by time:
     D:1: 961 daAuts
     D:2: 796 daAuts
     D:3: 627 daAuts
